AoeStats
← Folothommalannalkaani

Arabia

509086186Analyzed
1v1 RM · 6d ago on Sep 25, 2026· 39m 47s· 2 players
Game mode
Random Map
Map size
Tiny (2 player)
Population
200
Speed
Normal
Resources
Standard
Victory
Conquest
Starting age
Dark Age
Ending age
Imperial Age
RankedLock teamsTeams togetherTeam positionsShared explorationLock speedFull tech treeHidden civsTurbo modeCheats
Victory
Defeat
🇩🇪 Franks · Germany
862
+17
🇫🇮 Saracens · Finland
894
-17
JcUp
7:19 Loom
10:07 Feudal Age
11:38 Double-Bit Axe
24:20 Castle Age
22:55 Scale Barding Armor
23:03 Fletching
25:31 Husbandry
25:02 Pikeman
27:33 Stone Mining
27:36 Gold Mining
28:55 Bow Saw
29:58 Wheelbarrow
29:09 Town Watch
34:00 Forging
34:11 Chain Barding Armor
37:59 Elite Skirmisher
39:18 Hand Cart
39:01 Bodkin Arrow
Folothommalannalkaani
10:06 Feudal Age
22:02 Double-Bit Axe
26:19 Castle Age
24:02 Horse Collar
25:09 Fletching
27:18 Bow Saw
27:08 Heavy Plow
27:05 Stone Mining
27:04 Pikeman
28:27 Gold Mining
28:37 Crossbowman
29:39 Squires
29:54 Thumb Ring
30:36 Bodkin Arrow
35:46 Scale Mail Armor
Connection lost

Rejoining the realm…

Still unreachable

The connection could not be restored.

Session expired

The server has moved on; the page needs a fresh start.